 Dungeon Crawl Stone Soup version 0.17-a0-1079-g9903972 (webtiles) character file.

240 Jine the Skirmisher (level 5, -3/47 HPs)
             Began as a Draconian Abyssal Knight on May 19, 2015.
             Was a Priest of Lugonu.
             Killed by divine providence
             ... invoked by an orc priest
              (10 damage)
             ... on level 4 of the Dungeon.
             The game lasted 00:11:36 (3087 turns).

Jine the Skirmisher (Draconian Abyssal Knight)      Turns: 3087, Time: 00:11:36

Health: -3/47      AC:  5    Str: 15    XL:     5   Next: 79%
Magic:  3/7        EV: 13    Int: 13    God:    Lugonu [***...]
Gold:   181        SH:  0    Dex: 10    Spells: 0 memorised, 4 levels left

rFire  . . .     SeeInvis .     a - +1 mace
rCold  . . .     Clarity  .     (armour unavailable)
rNeg   . . .     SustAb   .     (no shield)
rPois  .         Gourm    .     (helmet restricted)
rElec  .         Spirit   .     (no cloak)
rCorr  .         Warding  .     (no gloves)
rMut   +         Stasis   .     (no boots)
MR     .....                    x - amulet of resist mutation
Stlth  +.........               (no ring)
                                (no ring)

@: not resistant to hostile enchantments, very unstealthy
A: unfitting armour, cold-blooded, AC +5
a: Depart the Abyss, Bend Space, Banish, Renounce Religion


You were on level 4 of the Dungeon.
You worshipped Lugonu.
Lugonu was most pleased with you.
You were not hungry.

You visited 1 branch of the dungeon, and saw 4 of its levels.
You visited the Abyss 1 time.

You collected 181 gold pieces.

Inventory:

Hand weapons
 a - a +1 mace (weapon)
 k - a +0 flail
 z - a +0 flail
Armour
 n - the +6 large shield of Ignorance {rN+ AC+2 EV+2 Int-6 *Curse}
   (You took it off a hobgoblin on level 4 of the Dungeon)

   It affects your AC (+2).
   It affects your evasion (+2).
   It affects your intelligence (-6).
   It protects you from negative energy.
   It may re-curse itself when equipped.
Jewellery
 x - an amulet of resist mutation (around neck)
Magical devices
 y - a wand of slowing (22)
Scrolls
 e - 5 scrolls of remove curse
 f - 2 scrolls of teleportation
 g - a scroll of magic mapping
 h - a scroll of amnesia
 i - 3 scrolls of identify
Potions
 d - a potion of heal wounds {unknown}
 j - 2 potions of degeneration
 m - 2 potions of invisibility {unknown}
 q - a potion of curing {unknown}
 r - 2 potions of might {unknown}
 s - 2 potions of resistance {unknown}
 t - 2 potions of mutation {unknown}
 u - a potion of lignification {unknown}
Books
 v - a Grand Grimoire {highlevel, unknown}

   This book is beyond your current level of understanding.

   Spells                             Type                      Level
   a - Monstrous Menagerie            Summoning                    6
   b - Summon Greater Demon           Summoning                    7
   c - Malign Gateway                 Summoning/Translocation      7
   d - Summon Horrible Things         Summoning                    8
Comestibles
 b - a bread ration
 c - a slice of pizza
 l - 2 meat rations
 o - a beef jerky
 w - a royal jelly


   Skills:
 * Level 4.5 Fighting
 * Level 3.3 Maces & Flails
 * Level 3.6 Dodging
 + Level 3.6 Invocations


You had 4 spell levels left.
You didn't know any spells.

Dungeon Overview and Level Annotations

Branches:
Dungeon (4/15)
 Temple: D:4-7

Altars:
Vehumet


Innate Abilities, Weirdness & Mutations

Your plain brown scales are hard (AC +5).
Your body does not fit into most forms of armour.
You are cold-blooded and may be slowed by cold attacks.


Message History

The orc priest calls down the wrath of Beogh upon you.
Something smites you!
You hit the orc. You tail-slap the orc.
The orc is heavily wounded.
The orc hits you but does no damage. x2
You sock the orc!
You kill the orc!
Lugonu accepts your kill.
Use which ability? (? or * to list)
Press: ? - help, Shift-Dir - straight line, f - orc priest
Aim: an orc priest, wielding a flail and wearing a leather armour (chance to defeat MR: 70%)
The orc priest is devoured by a tear in reality.
Lugonu claims a new guest.
You feel quite a bit more hungry.
The orc priest invokes the aid of Beogh against you.
Pain shoots through your body!
* * * LOW HITPOINT WARNING * * *
The orc priest mumbles some strange prayers to Beogh against you.
Something smites you!
You die...

.........# #............#
.........# #...........##
......)..##
#............########
..........#
#.............<.....
....).....##
#............######
...........# #..<.......##
..........!## ####.......#
............# ###.......##
............####@...##..##
...........###...#####...#
......<....#...### #...#
..........oo§### #...#
...........### #...#
...........# #...#
.....)...... #...#
........##### #...#
......### #####


You could see an orc priest and an orc wizard.

Vanquished Creatures
  Terence (D:3)
  An orc wizard (D:3)
  6 adders
  An ooze (D:1)
  An adder skeleton (D:3)
  2 worms
  14 orcs
  4 bats
  4 goblins
  10 hobgoblins
  6 jackals
  5 kobolds
  4 giant cockroaches
  2 giant geckos
  7 giant newts
  5 rats
73 creatures vanquished.

Vanquished Creatures (others)
  An orc wizard (D:4)
  2 orc priests (D:4)
3 creatures vanquished.

Grand Total: 76 creatures vanquished

Notes
Turn   | Place    | Note
--------------------------------------------------------------
     0 | Abyss:1  | Jine the Draconian Abyssal Knight began the quest for the Orb.
     0 | Abyss:1  | Reached XP level 1. HP: 19/19 MP: 2/2
    12 | D:1      | Escaped the Abyss
   234 | D:1      | Reached XP level 2. HP: 26/26 MP: 3/3
   887 | D:2      | Acquired Lugonu's second power
   887 | D:2      | Reached XP level 3. HP: 19/31 MP: 4/4
  1109 | D:2      | Found a radiant altar of Vehumet.
  1336 | D:2      | Reached XP level 4. HP: 19/40 MP: 6/6
  1811 | D:3      | Reached skill level 4 in Fighting
  2071 | D:3      | Reached XP level 5. HP: 14/46 MP: 7/7
  2358 | D:3      | Noticed Terence
  2376 | D:3      | Killed Terence
  2464 | D:3      | Acquired Lugonu's third power
  3087 | D:4      | Killed from afar by an orc priest

Vault maps used:
D:1:      dpeg_arrival_pits
D:2:      vehumet_crystals, hangedman_decor_peaks_small
D:3:      kennysheep_another_room, uniq_terence
D:4:      lemuel_coloured_pillars_altar, first_bread

Action                   |  1- 3 |  4- 6 || total
-------------------------+-------+-------++-------
Melee: Mace              |   119 |   173 ||   292
Invok: Banish            |       |     3 ||     3
  Use: Scroll            |       |    11 ||    11
  Eat: Bread ration      |     1 |     1 ||     2
